 Dungeon Crawl Stone Soup version 0.29-a0-830-gcb1280458a (webtiles) character file.

Game seed: 13602396949072327516

1208 avis the Chiller (level 8, -3/63 HPs)
             Began as a Demigod Ice Elementalist on July 11, 2022.
             Slain by a killer bee (7 damage)
             ... on level 5 of the Dungeon.
             The game lasted 00:49:30 (7005 turns).

avis the Chiller (Demigod Ice Elementalist)         Turns: 7005, Time: 00:49:30

Health: -3/63      AC: 12    Str:  8 (9)  XL:     8   Next: 1%
Magic:  10/15      EV: 13    Int: 16 (17) God:
Gold:   286        SH:  0    Dex: 21 (22) Spells: 6/13 levels left

rFire   + . .      SeeInvis .   a - +1 dagger (venom)
rCold   + . .      Faith    .   (no shield)
rNeg    . . .      Spirit   .   i - +0 robe
rPois   +          Reflect  .   t - +0 helmet
rElec   +          Harm     .   e - +1 cloak
rCorr   +          Rampage  .   (no gloves)
Will    .....                   (no boots)
Stlth   +++.......              (no amulet)
HPRegen 0.20/turn               (no ring)
MPRegen 0.14/turn               (no ring)

@: brilliant, ice-armoured, resistant
A: high MP 1, forlorn, divine attributes
a: no special abilities


You were on level 5 of the Dungeon.
You visited 1 branch of the dungeon, and saw 5 of its levels.
You also visited: Sewer.

You collected 286 gold pieces.

Inventory:

Hand Weapons
 a - a +1 dagger of venom (weapon)
 b - a +1 sling of flaming
 j - a +1 whip of venom
 n - a +1 whip of venom
 p - a +1 dagger of speed
 s - a +2 spectral club
 w - a +0 shortbow
Missiles
 m - 7 poisoned darts
 J - 5 boomerangs
Armour
 e - a +1 cloak (worn)
 f - an orb of energy
 i - a +0 robe (worn)
 o - a +0 tower shield
 t - a +0 helmet (worn)
Wands
 r - a wand of flame (23)
 v - a wand of quicksilver (4)
Scrolls
 c - 2 scrolls of magic mapping {unknown}
 g - a scroll of enchant weapon {unknown}
 h - 6 scrolls of poison {unknown}
 k - 2 scrolls of noise {unknown}
 l - a scroll of amnesia {unknown}
 x - 3 scrolls of teleportation {unknown}
 y - a scroll of fog {unknown}
 B - a scroll of blinking {unknown}
 C - a scroll of silence {unknown}
 G - a scroll of acquirement {unknown}
 H - 2 scrolls of fear {unknown}
 I - a scroll of identify {unknown}
 M - a scroll of enchant armour {unknown}
Potions
 d - a potion of magic
 q - a potion of resistance
 u - 2 potions of brilliance
 z - a potion of cancellation {unknown}
 A - a potion of lignification {unknown}
 D - a potion of haste {unknown}
 E - a potion of degeneration
 F - 2 potions of might
 K - a potion of flight {unknown}
 L - a potion of heal wounds {unknown}


   Skills:
 - Level 3.0 Fighting
 * Level 4.7 Ranged Weapons
 - Level 3.0 Armour
 - Level 3.0 Dodging
 - Level 3.0 Stealth
 - Level 3.0 Spellcasting
 - Level 5.0 Ice Magic
 - Level 2.0 Evocations


You had 6 spell levels left.
You knew the following spells:

 Your Spells              Type           Power      Damage    Failure   Level
a - Freeze                Ice            100%       1d11      2%          1
o - Ozocubu's Armour      Ice            27%        N/A       7%          3
r - Frozen Ramparts       Ice            54%        1d7       7%          3

Your spell library contained the following spells:

 Spells                   Type           Power      Damage    Failure   Level
 Static Discharge         Conj/Air       3%         3-4/arc   28%         2
 Hailstorm                Conj/Ice       15%        3d5       54%         4
 Lightning Bolt           Conj/Air       1%         1d12      99%         5
 Maxwell's Capacitive Co  Air            1%         ∞         100%        8


Dungeon Overview and Level Annotations

Branches:
Dungeon (5/15)              Sewer (visited)
 Temple: D:4-7


Innate Abilities, Weirdness & Mutations

You have an increased reservoir of magic. (+10% MP)
You shall have no god before yourself.
Your divine heritage dramatically boosts your attributes as you level up.


Message History

A film of ice covers your body! The killer bee misses you.
The killer bee closely misses you.
Casting: Ozocubu's Armour (dangerous; 7% risk of failure)
Confirm with . or Enter, or press ? or * to list all spells.
Aiming: Freeze (safe; 2% risk of failure)
Press: ? - help, Shift-Dir - straight line, f - killer bee, p - killer bee
Aim: a killer bee You freeze the killer bee.
The killer bee is moderately wounded.
The killer bee misses you. x2
Casting: Freeze (safe; 2% risk of failure)
Confirm with . or Enter, or press ? or * to list all spells.
Aiming: Freeze (safe; 2% risk of failure)
Press: ? - help, Shift-Dir - straight line, f/p - killer bee
Aim: a killer bee (moderately wounded)
You freeze the killer bee.
The killer bee is heavily wounded.
The killer bee stings you but does no damage. x2
Casting: Freeze (safe; 2% risk of failure)
Confirm with . or Enter, or press ? or * to list all spells.
Aiming: Freeze (safe; 2% risk of failure)
Press: ? - help, Shift-Dir - straight line, f/p - killer bee
Aim: a killer bee (heavily wounded)
You freeze the killer bee.
The killer bee is severely wounded.
The killer bee stings you.
* * * LOW HITPOINT WARNING * * *
The killer bee stings you but does no damage.
It was a potion of brilliance.
You feel clever all of a sudden. The killer bee barely misses you. x2
It was a potion of degeneration.
There was something very wrong with that liquid.
You feel weakened.
You feel dopey.
You feel clumsy. The killer bee barely misses you. The killer bee stings you.
* * * LOW HITPOINT WARNING * * *
It was a potion of resistance.
You feel protected. The killer bee stings you!
You die...

############
#.....>....#
#.########.##
#......###.##
#.....<......
########..#........[
#yy@........#.#.#.##
#†######......#.#.##
#. #.######.#.## #.
...# # #.## #. ##..
#... #. ... #.## ##
y... .. #.# .


You could see 2 killer bees.

Vanquished Creatures
  A centaur (D:5)
  A phantom (D:5)
  2 bullfrogs (Sewer)
  A gnoll sergeant (D:5)
  A scorpion (D:3)
  2 killer bees (D:5)
  A gnoll bouda (D:3)
  A hound (D:4)
  3 orc priests
  A jelly (D:4)
  2 orc wizards
  2 iguanas
  Robin (D:3)
  10 gnolls
  8 adders
  9 river rats (Sewer)
  An ufetubus (D:4)
  2 worms
  4 dart slugs
  16 orcs
  3 bats
  9 endoplasms
  4 giant cockroaches
  18 goblins
  8 hobgoblins
  2 jackals (D:3)
  9 kobolds
  8 quokkas
  20 ball pythons
  9 frilled lizards
  33 rats
192 creatures vanquished.

Notes
Turn   | Place    | Note
-------+----------+-------------------------------------------
     0 | D:1      | avis the Demigod Ice Elementalist began the quest for the
                  | Orb.
     0 | D:1      | Reached XP level 1. HP: 14/14 MP: 5/5
   240 | D:1      | Reached skill level 1 in Fighting
   278 | D:1      | Reached XP level 2. HP: 8/24 MP: 2/7
  1288 | D:2      | Reached skill level 4 in Ice Magic
  1288 | D:2      | Reached XP level 3. HP: 25/29 MP: 5/8
  1724 | D:2      | Learned a level 3 spell: Ozocubu's Armour
  2027 | D:2      | Reached skill level 1 in Armour
  2099 | D:2      | Reached XP level 4. HP: 36/36 MP: 9/9
  2656 | D:3      | Learned a level 3 spell: Frozen Ramparts
  2744 | D:3      | Noticed Robin
  3195 | D:2      | Reached skill level 1 in Ranged Weapons
  3316 | D:3      | Killed Robin
  3578 | D:3      | Reached XP level 5. HP: 36/41 MP: 6/10
  4481 | D:4      | Reached XP level 6. HP: 48/48 MP: 11/11
  4718 | D:4      | Found a glowing drain.
  4729 | Sewer    | Entered a sewer
  5278 | Sewer    | Reached XP level 7. HP: 24/57 MP: 8/14
  5538 | D:4      | Reached skill level 5 in Ice Magic
  6008 | D:3      | Reached skill level 1 in Evocations
  6186 | D:5      | Entered Level 5 of the Dungeon
  6992 | D:5      | Reached XP level 8. HP: 19/63 MP: 1/15
  7005 | D:5      | Slain by a killer bee

Illustrated notes

Levels and vault maps discovered:
D:1:      minmay_arrival_open_corners, layout_basic
D:2:      layout_loops_ring, wander_ebering_terrifying_dragon_lair
D:3:      layout_rooms, nicolae_overflow_hidden_temple, uniq_robin
D:4:      layout_rooms, gup_sewer_entry_bubbles, supply_closet_lemuel,
          minmay_misc_feat_rugged
D:5:      layout_loops_ring, tso_metal_star, mainiacjoe_overflow_surrounded_room

Skill      XL: |  1  2  3  4  5  6  7 |
---------------+----------------------+-----
Fighting       | 1 2 3 |  3.0
Spellcasting   | 2 3 |  3.0
Ice Magic      | 4 5 |  5.0
Stealth        | 2 3 |  3.0
Dodging        | 2 3 |  3.0
Armour         | 1 2 3 |  3.0
Ranged Weapons | 2 4 |  4.7
Evocations     | 2 |  2.0

Action                   |  1- 3 |  4- 6 |  7- 9 || total
-------------------------+-------+-------+-------++-------
Melee: Spear             |     1 |       |       ||     1
       Dagger            |     1 |    72 |    50 ||   123
       Punch             |       |     2 |     4 ||     6
 Fire: Sling             |    66 |   215 |    57 ||   338
       Shortbow          |       |       |    19 ||    19
 Cast: Freeze            |    25 |    33 |    25 ||    83
       Ozocubu's Armour  |       |    17 |    16 ||    33
Evoke: Wand              |       |       |     2 ||     2
  Use: Potion            |       |     1 |     6 ||     7
Armor: Robe              |     7 |    91 |    52 ||   150
Dodge: Dodged            |    36 |   156 |   129 ||   321

Table legend: (Time is in decaauts)
 A = Elapsed time spent in this place.
 B = Non-inter-level travel time spent in this place.
 C = Inter-level travel time spent in this place.
 D = Time resting spent in this place.
 E = Time spent auto-exploring this place.
 F = Levels seen in this place.
 G = Mean time per level.
                   A        B        C        D        E       F      G
               +--------+--------+--------+--------+--------+-----+--------+
         Total |   7174 |   6826 |    348 |   3321 |   1667 |   6 | 1195.7 |
       Dungeon |   6351 |   6003 |    348 |   2902 |   1667 |   5 | 1270.2 |
         Sewer |    823 |    823 |      0 |    419 |      0 |   1 |  823.0 |
               +--------+--------+--------+--------+--------+-----+--------+

Top non-repeatable levels by time:
     D:2: 1685 daAuts
     D:3: 1617 daAuts
     D:1: 1520 daAuts
     D:4: 834 daAuts
   Sewer: 823 daAuts
     D:5: 693 daAuts
